 Dungeon Crawl Stone Soup version 0.31-a0-460-g9e667d4245 (webtiles) character file.

Game seed: 17611222393156759671

25102 Ofeo the Grappler (level 12, -11/99 HPs)
             Began as a Demonspawn Shapeshifter on Aug 4, 2023.
             Was the Champion of Jiyva.
             Mangled by a swamp worm (17 damage)
             ... on level 3 of the Lair of Beasts.
             The game lasted 00:32:53 (12951 turns).

Ofeo the Grappler (Demonspawn Shapeshifter)        Turns: 12951, Time: 00:32:54

Health: -11/99     AC:  3    Str: 16    XL:     12   Next: 86%
Magic:  12/12      EV: 21    Int: 17    God:    Jiyva [******]
Gold:   635        SH:  0    Dex: 15    Spells: 11/11 levels left

rFire   + .          .
                       - Unarmed
rCold   + + .        (no shield)
rNeg    . . .        x - +0 acid dragon scales
rPois   .            (helmet currently unavailable)
rElec   .            (cloak currently unavailable)
rCorr   +            (gloves currently unavailable)
SInv    +            (boots currently unavailable)
Will    +++..        n - amulet of the acrobat
Stlth   +            h - ring of willpower
HPRegen 1.96/turn    H - ring of protection from fire
MPRegen 0.63/turn

%: repel missiles, acrobat
@: beast-form, very slow
A: beast (slay +6), hooves 1, repulsion field 3, ignite blood 2, demonic magic
2, see invisible, clever 2, cold resistance 2, strong-willed 2, acidic bite,
pseudopods 3, tendrils, jelly absorbing missiles, sturdy frame 1, engulf
a: Begin Untransformation, Renounce Religion, Oozemancy, Slimify


You were on level 3 of the Lair of Beasts.
You worshipped Jiyva.
Jiyva was exalted by your worship.
You were a hulking beast.
You visited 2 branches of the dungeon, and saw 16 of its levels.

You collected 635 gold pieces.

Inventory:

Hand Weapons
 f - a +2 dagger of freezing
 m - a +0 long sword
 r - a +2 whip of electrocution
 s - a +4 spear of distortion
Missiles
 j - 8 javelins
 o - 5 curare-tipped darts
 I - 2 throwing nets
Armour
 b - a +0 helmet of see invisible
 d - a +0 ring mail
 p - a +1 pair of gloves
 x - +0 acid dragon scales (worn)
 B - a +0 cloak of poison resistance
 D - the +7 tower shield of a volcano {Fly rCorr}
   (You found it on level 11 of the Dungeon)

   Fly:       It grants you flight.
   rCorr:     It protects you from acid and corrosion.
 K - a +0 chain mail
Jewellery
 a - a ring of protection from fire
 e - an amulet of regeneration
 h - a ring of willpower (left hand)
 n - an amulet of the acrobat (around neck)
 y - a ring of protection from fire
 A - a ring of ice
 H - a ring of protection from fire (right hand)
 J - a ring of see invisible
 L - a ring of ice
 M - a ring of flight
Talismans
 c - a beast talisman (active)
Wands
 t - a wand of paralysis (11)
 E - a wand of flame (15)
 F - a wand of quicksilver (5)
Scrolls
 i - 4 scrolls of identify {@r1}
 G - a scroll of amnesia
Potions
 g - a potion of brilliance
 k - a potion of resistance {@q6}
 l - 3 potions of ambrosia
 q - 5 potions of curing {@q1}
 u - a potion of attraction
 v - 3 potions of might {@q4}
 w - 2 potions of lignification
 z - a potion of degeneration {unknown}
 C - a potion of heal wounds {unknown}
 N - 4 potions of mutation


   Skills:
 + Level 10.8 Fighting
 + Level 10.0 Dodging
 + Level 5.4 Shields
 + Level 12.8 Unarmed Combat
 + Level 8.7 Shapeshifting


You had 11 spell levels left.
You didn't know any spells.
Your spell library contained the following spells:

 Spells                   Type           Power      Damage    Failure   Level
 Apportation              Tloc           0%         N/A       26%         1
 Necrotise                Necr           0%         1d4       26%         1
 Sting                    Tmut/Pois      0%         1d3       26%         1
 Summon Small Mammal      Summ           0%         N/A       26%         1
 Lesser Beckoning         Tloc           0%         N/A       36%         2
 Poisonous Vapours        Pois/Air       0%         N/A       36%         2
 Gell's Gravitas          Tloc           0%         N/A       61%         3
 Ignite Poison            Fire/Tmut/Pois 0%         N/A       61%         3
 Portal Projectile        Hex/Tloc       0%         N/A       61%         3
 Teleport Other           Tloc           0%         N/A       61%         3
 Tukima's Dance           Hex            0%         N/A       61%         3
 Iskenderun's Mystic Bla  Conj/Tloc      0%         2d3       95%         4
 Olgreb's Toxic Radiance  Pois           0%         N/A       95%         4
 Sticky Flame             Conj/Fire      0%         2d3       95%         4
 Ignition                 Fire           0%         3d3       100%        8


Dungeon Overview and Level Annotations

Branches:
Dungeon (13/15)            Temple (0/1) D:4            Lair (3/5) D:11
  Swamp (0/4) Lair:3       Spider (0/4) Lair:2          Orc (0/2) D:10
 Vaults: D:13-14

Altars:
Ashenzari
Cheibriados
Dithmenos
Fedhas
Hepliaklqana
Kikubaaqudgha
Makhleb
Nemelex Xobeh
Sif Muna
Trog
Uskayaw
Wu Jian
Xom
Jiyva

Annotations:
D:3 3 runed translucent doors, cforsyth's ghost, weakling GnAr
D:13 Lodul
Lair:3 Snorg


Innate Abilities, Weirdness & Mutations

You are a hulking beast.
Your limbs bulge with bestial killing power. (Slay +6)
You have large cloven feet.
You are surrounded by a strong repulsion field. (EV +4, RMsl)
Your demonic aura often causes spilled blood to erupt in flames.
Spells you cast may paralyse nearby enemies.
You have supernaturally acute eyesight. (SInv)
Your mind is very acute. (Int +8, Str/Dex -2)
Your flesh is very cold resistant. (rC++)
You are highly strong-willed. (Will++)
You have acidic saliva.
Armour fits poorly on your massive pseudopods.
You are covered in slimy tendrils that may disarm your opponents.
You have a small jelly attached to you that may absorb projectiles.
Your movements are slightly less encumbered by armour. (ER -2)
Your melee attacks may engulf your foes in ooze.


Message History

The swamp worm completely misses you.
The swamp worm bites you but does no damage.
You take 16 damage, and have 50/99 hp.
Okay, then.
Okay, then.
Okay, then.
You pummel the tyrant leech!! Your punch misses the tyrant leech.
The tyrant leech is heavily wounded.
Your rockslime closely misses the tyrant leech.
The swamp worm misses you. x2; The tyrant leech bites you.
The tyrant leech draws strength from your injuries!
The swamp worm barely misses you. The swamp worm bites you!!
* * * LOW HITPOINT WARNING * * *
You take 24 damage, and have 26/99 hp.
MASSIVE DAMAGE!!
Your unstable footing causes you to fumble your attack.
Your rockslime hits the tyrant leech!!
The tyrant leech holds its ground!
The swamp worm misses you. The swamp worm completely misses you.
Unknown command.
Unknown command.
Okay, then.
Okay, then.
Okay, then.
Okay, then.
Okay, then.
Okay, then.
Okay, then.
Okay, then.
Okay, then.
You hit the swamp worm.
You engulf the swamp worm in ooze!
Your bite misses the swamp worm.
The swamp worm is lightly wounded.
The swamp worm bites you!!
* * * LOW HITPOINT WARNING * * *
The swamp worm closely misses you.
Your rockslime hits the tyrant leech!!
The tyrant leech holds its ground!
The tyrant leech dies!
You hear a distant slurping noise.
The tyrant leech bites your rockslime but does no damage.
The swamp worm misses you. The swamp worm bites you!
You die...

#######....
...........
#P........ ..
##......# .
##....### .
#.....## # ♣♣♣♣♣
##.....# # ♣§§w♣♣
##.....# ###
♣§hww♣#####.....##
..#
♣~§wwF...........#
..# .>
♣≈§Jw≈♣..........#
.## ...
♣♣§§§♣♣..........#
####..#
♣♣♣♣♣............#
##....#
..............
.#.....
.............$
.(..#
...##.P.#.P^..
...## ...
#######..T


You could see 2 tyrant leeches, 4 swamp worms, a bullfrog and a friendly
rockslime (summoned).

Vanquished Creatures
  Fannar (Lair:3)
  The ghost of Waters the Mimic, a journeyman DsSh of Kikubaaqudgha (D:10)
  A catoblepas (Lair:1)
  A hydra (Lair:2)
  A boulder beetle (Lair:3)
  An orc sorcerer (D:10)
  3 cyclopes (D:12)
  A black mamba (Lair:2)
  6 elephants (Lair:1)
  4 cane toads
  2 komodo dragons
  An unseen horror (D:11)
  2 trolls
  2 polar bears
  Prince Ribbit (D:7)
  3 blink frogs (Lair:2)
  2 hornets (D:9)
  5 culicivoras (Lair:2)
  A shadow (D:10)
  2 vampires
  5 wyverns
  2 wraiths (D:10)
  28 yaks
  2 basilisks
  2 steam dragons
  A warg (D:10)
  2 acid dragons (D:9)
  7 water moccasins
  5 orc warriors
  3 sky beasts
  3 black bears
  4 ice beasts
  15 wolves
  3 ogres
  A phantom (D:10)
  8 centaurs
  2 kobold brigands
  A gnoll sergeant (D:8)
  8 bullfrogs
  6 wights
  3 troll zombies (D:10)
  A jelly (D:10)
  3 killer bees (D:11)
  3 howler monkeys
  An electric eel (Lair:1)
  4 hounds
  13 orc priests
  5 iguanas
  8 orc wizards
  3 ogre zombies (D:10)
  4 gnolls
  2 adders
  2 shadow imps
  2 worms (D:3)
  2 dart slugs (D:4)
  56 orcs
  3 ball pythons
  7 endoplasms
  4 giant cockroaches
  6 goblins
  12 hobgoblins
  4 jackals (D:1)
  2 quokkas (D:1)
  9 bats
  2 frilled lizards
  A goblin zombie (D:10)
  3 hobgoblin zombies (D:10)
  20 kobolds
  An orc skeleton (D:10)
  10 orc zombies (D:10)
  5 rats
  2 rat zombies (D:9)
352 creatures vanquished.

Vanquished Creatures (collateral kills)
  A two-headed ogre (D:10)
  A tyrant leech (Lair:3)
  A basilisk (Lair:3)
3 creatures vanquished.

Vanquished Creatures (others)
  A shadow (D:12)
  2 water moccasins
  A black bear (Lair:1)
  2 centaurs
  2 phantoms
  A bullfrog (Lair:1)
  A killer bee (D:11)
  16 jellies
  A hound (D:5)
  An orc priest (D:4)
  A sleepcap (D:6)
  4 adders
  A hound simulacrum (D:3)
  A shadow imp (D:5)
  A white imp (D:8)
  A worm (D:4)
  A dart slug (D:4)
  7 orcs
  A ball python (D:4)
  3 endoplasms (D:3)
  A goblin (D:3)
  A hobgoblin (D:3)
  A ball python simulacrum (D:3)
  A giant cockroach simulacrum (D:3)
  A goblin skeleton (D:10)
  A hobgoblin zombie (D:10)
  A kobold (D:4)
  2 orc skeletons (D:10)
  A butterfly (D:4)
59 creatures vanquished.

Grand Total: 414 creatures vanquished

Notes
Turn   | Place    | Note
-------+----------+-------------------------------------------
     0 | D:1      | Ofeo the Demonspawn Shapeshifter began the quest for the
                  | Orb.
     0 | D:1      | Reached XP level 1. HP: 15/15 MP: 1/1
   270 | D:1      | Gained mutation: You have large cloven feet. [demonic
                  | ancestry]
   270 | D:1      | Reached XP level 2. HP: 19/21 MP: 2/2
   636 | D:1      | Reached skill level 3 in Unarmed Combat
   775 | D:1      | Gained mutation: You are surrounded by a mild repulsion
                  | field. (EV +2) [demonic ancestry]
   775 | D:1      | Reached XP level 3. HP: 21/26 MP: 3/3
  1176 | D:2      | Found a faded altar of an unknown god.
  1327 | D:2      | Prayed at the altar of an unknown god.
  1327 | D:2      | Became a worshipper of Jiyva Jeuw the Shapeless
  1327 | D:2      | Reached * piety under Jiyva
  1818 | D:2      | Identified a scroll of acquirement
  1820 | D:2      | Acquired a manual of Unarmed Combat
  1841 | D:3      | Found a hide-covered altar of Uskayaw.
  1904 | D:3      | Gained mutation: Your demonic aura sometimes causes spilled
                  | blood to erupt in flames. [demonic ancestry]
  1904 | D:3      | Reached XP level 4. HP: 33/33 MP: 4/4
  1967 | D:3      | Reached ** piety under Jiyva
  2005 | D:3      | Found a runed translucent gate.
  2005 | D:3      | Found a runed translucent gate.
  2005 | D:3      | Found a runed translucent gate.
  2081 | D:3      | Found a bloodstained altar of Trog.
  2110 | D:3      | Noticed cforsyth's ghost (weakling GnAr)
  2851 | D:4      | Reached XP level 5. HP: 14/39 MP: 5/5
  2855 | D:4      | Reached skill level 4 in Unarmed Combat
  2862 | D:4      | Acquired a +0 helmet of see invisible
  2914 | D:4      | Found a blossoming altar of Fedhas.
  3043 | D:4      | Found a shadowy altar of Dithmenos.
  3064 | D:4      | Gained mutation: You are surrounded by a moderate repulsion
                  | field. (EV +3) [demonic ancestry]
  3064 | D:4      | Reached XP level 6. HP: 30/47 MP: 6/6
  3076 | D:4      | Noticed an ice beast
  3090 | D:4      | Killed an ice beast
  3114 | D:4      | Found a staircase to the Ecumenical Temple.
  3217 | D:4      | Identified the +0 falchion "Danolaf" {holy, rCorr}
  3515 | D:5      | Entered Level 5 of the Dungeon
  3519 | D:5      | Reached *** piety under Jiyva
  3590 | D:5      | Gained mutation: Your mind is acute. (Int +4, Str/Dex -1)
                  | [Jiyva's grace]
  3590 | D:5      | Gained mutation: Your mind is very acute. (Int +8, Str/Dex
                  | -2) [Jiyva's grace]
  3590 | D:5      | Gained mutation: You are strong-willed. (Will+) [Jiyva's
                  | grace]
  3590 | D:5      | Gained mutation: You are highly strong-willed. (Will++)
                  | [Jiyva's grace]
  3593 | D:5      | Reached skill level 5 in Unarmed Combat
  3608 | D:5      | Gained mutation: Spells you cast may paralyse adjacent
                  | enemies. [demonic ancestry]
  3608 | D:5      | Reached XP level 7. HP: 43/53 MP: 7/7
  3752 | D:5      | Found a shimmering blue altar of Sif Muna.
  3801 | D:5      | Found a hazy altar of Hepliaklqana.
  4139 | D:6      | Found a shimmering altar of Xom.
  4168 | D:6      | Found a burning altar of Makhleb.
  4253 | D:6      | Reached skill level 6 in Unarmed Combat
  4315 | D:6      | Reached **** piety under Jiyva
  4328 | D:6      | Reached XP level 8. HP: 47/61 MP: 8/8
  4503 | D:6      | Reached skill level 5 in Fighting
  4823 | D:7      | Noticed a troll
  4832 | D:7      | Reached skill level 5 in Dodging
  4832 | D:7      | Reached skill level 7 in Unarmed Combat
  4838 | D:6      | Killed a troll
  4839 | D:6      | Reached skill level 5 in Shapeshifting
  4907 | D:7      | Found a broken altar of Ashenzari.
  5000 | D:7      | Gained mutation: You are surrounded by a strong repulsion
                  | field. (EV +4, RMsl) [demonic ancestry]
  5000 | D:7      | Reached XP level 9. HP: 68/69 MP: 9/9
  5000 | D:7      | You fall into a shaft and drop 1 floor!
  5041 | D:8      | Reached skill level 8 in Unarmed Combat
  5817 | D:7      | Noticed Prince Ribbit
  5821 | D:7      | Killed Prince Ribbit
  5822 | D:7      | Reached skill level 9 in Unarmed Combat
  5823 | D:7      | Gained mutation: You are covered in slimy tendrils that may
                  | disarm your opponents. [Jiyva's grace]
  5823 | D:7      | Gained mutation: You have a small jelly attached to you
                  | that senses nearby items. [Jiyva's grace]
  5823 | D:7      | Gained mutation: Your flesh is cold resistant. (rC+)
                  | [Jiyva's grace]
  5823 | D:7      | Gained mutation: Your flesh is very cold resistant. (rC++)
                  | [Jiyva's grace]
  6062 | D:7      | Reached ***** piety under Jiyva
  6099 | D:7      | Noticed an angel
  6568 | D:9      | Found a snail-covered altar of Cheibriados.
  6672 | D:9      | Gained mutation: Your demonic aura often causes spilled
                  | blood to erupt in flames. [demonic ancestry]
  6672 | D:9      | Reached XP level 10. HP: 79/79 MP: 10/10
  6901 | D:9      | Found an ancient bone altar of Kikubaaqudgha.
  6958 | D:9      | Found an ornate altar of the Wu Jian Council.
  7002 | D:10     | Entered Level 10 of the Dungeon
  7063 | D:10     | Reached skill level 10 in Unarmed Combat
  7219 | D:10     | Found a runed translucent gate.
  7220 | D:10     | Found a runed translucent gate.
  7220 | D:10     | Noticed Waters's ghost (journeyman DsSh)
  7221 | D:10     | Found a runed translucent gate.
  7247 | D:10     | Killed Waters's ghost
  7276 | D:10     | Identified the +0 leather armour "Donk" {*Corrode rElec
                  | Will+}
  7387 | D:10     | Found a staircase to the Orcish Mines.
  7403 | D:10     | Reached skill level 11 in Unarmed Combat
  7553 | D:10     | Noticed an orc sorcerer
  7564 | D:10     | Killed an orc sorcerer
  7935 | D:10     | Noticed a two-headed ogre
  7942 | D:10     | Killed a two-headed ogre
  7943 | D:10     | Reached XP level 11. HP: 46/87 MP: 11/11
  8050 | D:11     | Lost mutation: Your mind is very acute. (Int +8, Str/Dex
                  | -2) [Jiyva's grace]
  8050 | D:11     | Gained mutation: Your movements are slightly less
                  | encumbered by armour. (ER -2) [Jiyva's grace]
  8050 | D:11     | Gained mutation: Your movements are less encumbered by
                  | armour. (ER -4) [Jiyva's grace]
  8050 | D:11     | Gained mutation: Your movements are significantly less
                  | encumbered by armour. (ER -6) [Jiyva's grace]
  8050 | D:11     | Gained mutation: You have supernaturally acute eyesight.
                  | (SInv) [Jiyva's grace]
  8142 | D:11     | Found a staircase to the Lair.
  8314 | D:11     | Found a sparkling altar of Nemelex Xobeh.
  8556 | D:11     | Reached ****** piety under Jiyva
  8739 | D:11     | Identified the +7 tower shield of a volcano {Fly rCorr}
  9217 | D:12     | Reached skill level 1 in Shields
  9608 | D:12     | Lost mutation: Your mind is acute. (Int +4, Str/Dex -1)
                  | [Jiyva's grace]
  9608 | D:12     | Lost mutation: Your movements are significantly less
                  | encumbered by armour. (ER -6) [Jiyva's grace]
  9608 | D:12     | Lost mutation: Your movements are less encumbered by
                  | armour. (ER -4) [Jiyva's grace]
  9608 | D:12     | Gained mutation: You have a small jelly attached to you
                  | that may absorb projectiles. [Jiyva's grace]
  9608 | D:12     | Gained mutation: Armour fits poorly on your pseudopods.
                  | [Jiyva's grace]
  9608 | D:12     | Gained mutation: Armour fits poorly on your large
                  | pseudopods. [Jiyva's grace]
  9608 | D:12     | Gained mutation: Armour fits poorly on your massive
                  | pseudopods. [Jiyva's grace]
 10177 | D:13     | Noticed Lodul
 10259 | Lair:1   | Entered Level 1 of the Lair of Beasts
 10428 | Lair:1   | Reached skill level 12 in Unarmed Combat
 10470 | Lair:1   | Noticed a catoblepas
 10483 | Lair:1   | Killed a catoblepas
 10528 | Lair:1   | Gained mutation: Spells you cast may paralyse nearby
                  | enemies. [demonic ancestry]
 10528 | Lair:1   | Reached XP level 12. HP: 43/97 MP: 12/12
 11250 | Lair:1   | Reached skill level 10 in Fighting
 11654 | Lair:2   | Found a hole to the Spider Nest.
 11675 | Lair:2   | Noticed a seven-headed hydra
 11680 | Lair:2   | Killed a seven-headed hydra
 12742 | Lair:3   | Lost mutation: You have a small jelly attached to you that
                  | senses nearby items. [Jiyva's grace]
 12742 | Lair:3   | Gained mutation: Your mind is acute. (Int +4, Str/Dex -1)
                  | [Jiyva's grace]
 12742 | Lair:3   | Gained mutation: Your mind is very acute. (Int +8, Str/Dex
                  | -2) [Jiyva's grace]
 12742 | Lair:3   | Gained mutation: Your melee attacks may engulf your foes in
                  | ooze. [Jiyva's grace]
 12742 | Lair:3   | Gained mutation: You have acidic saliva. [Jiyva's grace]
 12750 | Lair:3   | Noticed Fannar
 12753 | Lair:3   | Noticed a boulder beetle
 12757 | Lair:3   | Killed Fannar
 12758 | Lair:3   | Reached skill level 5 in Shields
 12766 | Lair:3   | Killed a boulder beetle
 12895 | Lair:3   | Reached skill level 10 in Dodging
 12946 | Lair:3   | Noticed Snorg
 12946 | Lair:3   | Found a staircase to the Swamp.
 12951 | Lair:3   | Mangled by a swamp worm

Illustrated notes

Levels and vault maps discovered:
D:1:      elethiomel_arrival_infinity_welcomes_careful_drivers,
          layout_loops_cross, nicolae_concentric_dashed_squares_wild
D:2:      layout_rooms, shapermc_ecumenical_altar_starsandcircs,
          grunt_ministairs_13, minmay_circled_x
D:3:      layout_loops_ring, trog_three_pillars_becter,
          nicolae_uskayaw_dance_hall, gammafunk_ghost_icy, serial_park_tiny_2,
          grunt_ministairs_15, minmay_fractal_squares_diagonal_5
D:4:      layout_cave_pools, mainiacjoe_overflow_alcove_1,
          fedhas_ov_isle_minmay, minmay_temple_entry_butterflies
D:5:      nicolae_cairo_tiling_large_dashed, layout_rooms,
          mainiacjoe_overflow_cross_hatched, marbit_many_paths,
          nicolae_overflow_hidden_temple, kennysheep_mini
D:6:      layout_rooms, pf_just_have_faith, kennysheep_little_box,
          minmay_misc_feat_alley, kennysheep_generic_room_3
D:7:      layout_cave_pods, zin_angel, old_standard_altar, uniq_prince_ribbit1
D:8:      layout_rooms
D:9:      layout_rooms, lemuel_zombie_altar_kikubaaqudgha, lemuel_round_altar,
          nzn_wu_jian_council_hall
D:10:     layout_roguey, zombieorc1_lemuel, biasface_ghost_orc_armoury
D:11:     layout_stronghold, lair_entry_dummy, nemelex_diamond_rough_becter
D:12:     layout_stronghold, st_stairs_1
D:13:     layout_roguey, erik_vaults_1, enter_trove_3,
          ebering_ghost_disaster_area, serial_shops, nicolae_shop_hallway_plus,
          uniq_nessos, uniq_lodul
Lair:1:   layout_cave_pods, gammafunk_lair_bear_cave, serial_bayou_shore_a,
          infiniplex_staircase_pool_2
Lair:2:   layout_roguey, hellmonk_spider_entry_life_and_decay,
          beast_lair_carwin_3, lemuel_fruit_tree
Lair:3:   wander_river, layout_chaotic_city, minmay_swamp_entry_worms,
          grunt_megastairs_5, uniq_snorg, uniq_fannar

Skill      XL: |  1  2  3  4  5  6  7  8  9 10 11 12 |
---------------+-------------------------------------+-----
Dodging        | 2 3 4 5 6 8 9 10 | 10.0
Unarmed Combat | 3 4 5 6 7 9 11 12 | 12.8
Shapeshifting  | 3 4 5 6 7 8 |  8.7
Fighting       | 2 3 4 5 7 8 9 10 | 10.8
Shields        | 3 5 |  5.4

Action                     |  1- 3 |  4- 6 |  7- 9 | 10-12 || total
---------------------------+-------+-------+-------+-------++-------
  Melee: Unarmed           |    24 |   122 |   241 |   424 ||   811
         Dagger            |    85 |    35 |       |       ||   120
         Kick              |    21 |    44 |    69 |   173 ||   307
         Punch             |     3 |     3 |     8 |    36 ||    50
         Pseudopods        |       |       |       |    54 ||    54
         Bite              |       |       |       |    10 ||    10
 Invoke: Oozemancy         |       |       |     1 |     1 ||     2
  Evoke: Wand              |       |       |     1 |     4 ||     5
    Use: Scroll            |     3 |     5 |     3 |     5 ||    16
         Potion            |       |     3 |       |       ||     3
   Stab: Paralysed         |       |       |     5 |     3 ||     8
         Sleeping          |       |       |       |     3 ||     3
         Petrifying        |       |       |       |     1 ||     1
         Distracted        |       |       |       |     1 ||     1
 Armour: Animal skin       |    12 |       |       |       ||    12
         Ring mail         |    26 |    36 |    51 |    46 ||   159
         Skin              |       |    13 |       |       ||    13
         Acid dragon scale |       |       |       |     4 ||     4
  Dodge: Dodged            |    90 |   123 |   221 |   425 ||   859
         Repelled          |       |       |     1 |     3 ||     4

Table legend: (Time is in decaauts)
 A = Elapsed time spent in this place.
 B = Non-inter-level travel time spent in this place.
 C = Inter-level travel time spent in this place.
 D = Time resting spent in this place.
 E = Time spent auto-exploring this place.
 F = Levels seen in this place.
 G = Mean time per level.
                   A        B        C        D        E       F      G
               +--------+--------+--------+--------+--------+-----+--------+
         Total |  12845 |  12332 |    513 |    211 |   7868 |  16 |  802.8 |
       Dungeon |  10184 |   9725 |    459 |     77 |   6312 |  13 |  783.4 |
          Lair |   2660 |   2606 |     54 |    134 |   1556 |   3 |  886.7 |
               +--------+--------+--------+--------+--------+-----+--------+

Top non-repeatable levels by time:
  Lair:1: 1301 daAuts
  Lair:2: 1158 daAuts
    D:11: 1136 daAuts
     D:1: 1124 daAuts
    D:12: 1070 daAuts
    D:10: 1022 daAuts
     D:3: 990 daAuts
     D:7: 987 daAuts
     D:6: 749 daAuts
     D:2: 713 daAuts
     D:8: 693 daAuts
     D:4: 678 daAuts
     D:5: 573 daAuts
     D:9: 441 daAuts
  Lair:3: 200 daAuts
